 Dungeon Crawl Stone Soup version 0.23-a0-650-ga4d50d4d25 (webtiles) character file.

4714 Notair the Cleaver (level 10, 0/91 HPs)
             Began as a Minotaur Gladiator on Jan 7, 2019.
             Was a Follower of Okawaru.
             Succumbed to a killer bee's poison
             ... on level 8 of the Dungeon.
             The game lasted 00:19:48 (8316 turns).

Notair the Cleaver (Minotaur Gladiator)             Turns: 8316, Time: 00:19:48

Health: 0/91       AC: 14    Str: 20    XL:     10   Next: 22%
Magic:  9/9        EV:  9    Int:  8    God:    Okawaru [*.....]
Gold:   281        SH:  0    Dex: 11    Spells: 9/9 levels left

rFire    . . .     SeeInvis +   C - +4 dagger (venom)
rCold    . . .     Gourm    .   (no shield)
rNeg     . . .     Faith    .   v - +0 chain mail
rPois    .         Spirit   .   c - +0 hat
rElec    .         Reflect  .   t - +0 cloak
rCorr    .         Harm     .   e - +0 pair of gloves
MR       +....                  (no boots)
Stlth    ..........             K - amulet of rage
HPRegen  0.25/turn              s - ring of protection from magic
MPRegen  0.11/turn              k - ring of see invisible

@: lethally poisoned (0 -> -24), berserk cooldown
A: retaliatory headbutt, horns 2
a: Heroism, Renounce Religion, Evoke Berserk Rage


You were on level 8 of the Dungeon.
You worshipped Okawaru.
Okawaru was aware of your devotion.
You were hungry.

You visited 2 branches of the dungeon, and saw 9 of its levels.
You also visited: Bailey.

You collected 281 gold pieces.

Inventory:

Hand Weapons
 a - a +1 war axe
 d - a +0 hand crossbow
 C - a +4 dagger of venom (weapon)
 L - a +2 whip of flaming
 Q - a +0 battleaxe
 R - a +1 hunting sling of velocity
Missiles
 o - 12 poisoned needles
 p - 74 arrows
 E - 19 sling bullets
 P - a throwing net (quivered)
Armour
 c - a +0 hat (worn)
 e - a +0 pair of gloves (worn)
 t - a +0 cloak (worn)
 v - a +0 chain mail (worn)
Jewellery
 k - a ring of see invisible (right hand)
 s - a ring of protection from magic (left hand)
 y - an uncursed ring of protection from cold
 z - a +2 ring of protection
 F - a +4 ring of intelligence {unknown}
 G - an uncursed ring of stealth {unknown}
 K - an amulet of rage (around neck)
 N - an uncursed ring of positive energy {unknown}
Wands
 D - a wand of digging (7)
 J - a wand of flame (19)
Scrolls
 g - 6 scrolls of teleportation
 h - a scroll of noise {unknown}
 j - 4 scrolls of remove curse
 l - a scroll of enchant weapon
 n - a scroll of fear {unknown}
 q - 2 scrolls of fog
 x - a scroll of immolation {unknown}
 H - a scroll of amnesia
 I - 4 scrolls of identify
Potions
 b - 2 potions of resistance
 i - 3 potions of lignification
 m - a potion of agility
 w - 2 potions of magic
 B - 2 potions of flight
Comestibles
 f - 10 rations


   Skills:
 + Level 9.3 Fighting
 * Level 12.8 Axes
 - Level 2.0 Throwing
 + Level 8.9 Armour
 - Level 3.2 Dodging


You had 9 spell levels left.
You didn't know any spells.
Your spell library was empty.

Dungeon Overview and Level Annotations

Branches:
Dungeon (8/15)             Temple (1/1) D:5
   Lair: D:8-11

Altars:
Ashenzari
Cheibriados
Elyvilon
Fedhas
Gozag
Hepliaklqana
Kikubaaqudgha
Makhleb
Nemelex Xobeh
Okawaru
Qazlal
Ru
Sif Muna
Uskayaw
Vehumet
Wu Jian
Xom
Yredelemnul
Zin
The Shining One

Shops:
D:4 (   D:8 }

Annotations:
D:8 3 runed doors


Innate Abilities, Weirdness & Mutations

You reflexively headbutt those who attack you in melee.
You have a pair of horns on your head.


Message History

You feel a strong urge to attack something.
You are no longer berserk.
You are exhausted.
You feel yourself slow down.
* * * LOW HITPOINT WARNING * * *
You feel sick.
You see here a killer bee corpse.
It was a potion of haste.
You feel yourself speed up.
* * * LOW HITPOINT WARNING * * *
You feel very sick.
It was a potion of might.
You feel very mighty all of a sudden.
* * * LOW HITPOINT WARNING * * *
You feel sick.
It was a potion of cancellation.
Your magical effects are unravelling.
You feel magically purged.
You feel yourself speed up.
You feel yourself slow down.
You feel a little less mighty now.
You die...

,** *,,,,..#**,**
,*********,***#.# *,*
,,,,,,,,,,,* #.# *<#
,***,.#########.###.#
,,,,,....y!..##.....*
,,,,,***#.y..##..#***
,,,*,*,***#......#
,,,**,*,*,#..###†#
,,**,*,*,*##.# #@#
,,*,*,*,*,*y.# #.#
,,**,*,*,*.#.# #.#
,,***,*,*.##.###.#
,,,*,*,*.##......#
*,,,**,##.#..#####
*,,,,***#.....†.#
*,,,,.........#†#
****,.........#.###


There were no monsters in sight!

Vanquished Creatures
  Harold (D:7)
  Pikel (D:6)
  A queen bee (D:8)
  Sigmund (D:2)
  Menkaure (D:7)
  2 water moccasins (D:7)
  An ice beast (D:8)
  3 orc warriors
  2 sky beasts (D:6)
  3 ogres (D:6)
  2 centaurs
  5 bullfrogs
  A gnoll sergeant (D:6)
  12 killer bees (D:8)
  3 howler monkeys
  2 crimson imps
  A quasit (D:8)
  3 hounds (D:6)
  A jelly (D:7)
  4 orc priests
  Crazy Yiuf (D:6)
  4 orc wizards
  2 bullfrog skeletons
  Jessica (D:2)
  2 iguanas
  2 worker ants
  A hound zombie (D:5)
  A hound skeleton (D:4)
  2 worker ant zombies
  Robin (D:3)
  3 gnolls (D:6)
  5 adders
  2 shadow imps
  An adder zombie (D:7)
  2 adder skeletons (D:5)
  3 worms
  4 dart slugs
  2 leopard geckos
  17 orcs
  7 bats
  6 giant cockroaches
  8 hobgoblins
  2 quokkas (D:2)
  2 ball pythons
  5 frilled lizards
  16 goblins
  5 kobolds
  2 leopard gecko zombies
  A quokka skeleton (D:8)
  3 rats
163 creatures vanquished.

Vanquished Creatures (others)
  A slave (D:6)
  A quokka (D:6)
2 creatures vanquished.

Grand Total: 165 creatures vanquished

Notes
Turn   | Place    | Note
-------+----------+-------------------------------------------
     0 | D:1      | Notair the Minotaur Gladiator began the quest for the Orb.
     0 | D:1      | Reached XP level 1. HP: 18/18 MP: 0/0
   151 | D:1      | Reached skill level 4 in Axes
   185 | D:1      | Reached XP level 2. HP: 25/25 MP: 1/1
   281 | D:1      | Reached skill level 1 in Armour
   749 | D:2      | Noticed Sigmund
   757 | D:2      | Killed Sigmund
   757 | D:2      | Reached skill level 5 in Axes
   757 | D:2      | Reached XP level 3. HP: 30/33 MP: 2/2
   757 | D:2      | Reached XP level 4. HP: 36/40 MP: 3/3
   757 | D:2      | Reached XP level 5. HP: 42/46 MP: 4/4
  1060 | D:2      | Reached skill level 6 in Axes
  1305 | D:2      | Found a blossoming altar of Fedhas.
  1474 | D:2      | Noticed Jessica
  1481 | D:2      | Killed Jessica
  1883 | D:3      | Noticed Robin
  1886 | D:3      | Found a sparkling altar of Nemelex Xobeh.
  1932 | D:3      | Reached XP level 6. HP: 52/52 MP: 5/5
  1942 | D:3      | Killed Robin
  2351 | D:3      | Found a deep blue altar of Sif Muna.
  3177 | D:4      | Reached skill level 7 in Axes
  3188 | D:4      | Found Iraap's Antique Weapon Boutique.
  3459 | D:5      | Entered Level 5 of the Dungeon
  3707 | D:5      | Found a staircase to the Ecumenical Temple.
  3731 | D:5      | Reached skill level 5 in Fighting
  3731 | D:5      | Reached XP level 7. HP: 61/61 MP: 6/6
  3999 | D:5      | Found a glowing golden altar of the Shining One.
  4004 | D:5      | Found an ancient bone altar of Kikubaaqudgha.
  4458 | D:5      | Found a glowing silver altar of Zin.
  4459 | D:5      | Noticed an angel
  4461 | D:5      | Found a shimmering altar of Xom.
  4762 | Temple   | Entered the Ecumenical Temple
  4905 | D:6      | Reached skill level 8 in Axes
  4947 | D:6      | Noticed Pikel
  4971 | D:6      | Killed Pikel
  4971 | D:6      | Reached skill level 9 in Axes
  4971 | D:6      | Reached skill level 5 in Armour
  4971 | D:6      | Reached XP level 8. HP: 37/70 MP: 7/7
  5364 | D:6      | Found a white marble altar of Elyvilon.
  5466 | D:6      | Reached skill level 10 in Axes
  5785 | D:6      | Found a runed door.
  5818 | D:6      | Found a burning altar of Makhleb.
  6001 | D:6      | Reached XP level 9. HP: 60/79 MP: 8/8
  6074 | D:6      | You fall through a shaft!
  6145 | D:6      | You fall through a shaft!
  6557 | D:6      | Noticed Crazy Yiuf
  6560 | D:6      | Killed Crazy Yiuf
  6734 | D:7      | Reached skill level 11 in Axes
  6742 | D:7      | Noticed Menkaure
  6750 | D:7      | Killed Menkaure
  6844 | D:7      | Noticed Harold
  6876 | D:7      | Killed Harold
  6880 | D:7      | Reached skill level 12 in Axes
  7229 | D:7      | Found a hazy altar of Hepliaklqana.
  7709 | D:8      | Found an iron altar of Okawaru.
  7722 | D:8      | Became a worshipper of Warmaster Okawaru
  7750 | D:8      | Found Lustrudun's Gadget Shoppe.
  7808 | D:8      | Found a runed gate.
  7809 | D:8      | Found a runed gate.
  7809 | D:8      | Found a runed gate.
  7831 | D:8      | Reached XP level 10. HP: 75/91 MP: 9/9
  7839 | D:8      | Found a flagged portal.
  7857 | Bailey   | Entered a bailey
  8299 | D:8      | Reached * piety under Okawaru
  8315 | D:8      | HP: 3/91 [poisoned by a killer bee]
  8316 | D:8      | Succumbed to a killer bee's poison

Vault maps used:
D:1:      dpeg_arrival_chambers_temple_mockup
D:2:      minmay_door_path, fedhas_altar_1, first_ration, uniq_jessica,
          uniq_sigmund
D:3:      lemuel_doored_altar, lemuel_blue_sif_altar, serial_rivers,
          chequers_serial_rivers_micro_e, chequers_serial_rivers_small_3,
          chequers_serial_rivers_micro_b, chequers_serial_rivers_micro_b,
          chequers_serial_rivers_small_a, hangedman_decor_peaks_small,
          minivault_11, uniq_robin
D:4:      serial_shops, shop
D:5:      grunt_temple_overflow_order_and_chaos_1, minitemple,
          minmay_temple_entry_enclosed_plants, hangedman_glass_garden
D:6:      makhleb_heckhound_becter, elyvilon_altar_4, uniq_pikel,
          uniq_crazy_yiuf_cottage
D:7:      nicolae_overflow_hidden_temple, uniq_menkaure, uniq_harold
D:8:      serial_shops, nicolae_shop_statue_plus, ebering_ghost_rock_garden,
          enter_bailey_3, david_nohive_1, okawaru_trees_1
Temple:   compressed_dpeg_triangle_lava_temple
Bailey:   bailey_polearm_1, bailey

Skill      XL: |  1  2  3  4  5  6  7  8  9 |
---------------+----------------------------+-----
Axes           | 4 5 6 7 9 10 12 | 12.8
Armour         | 2 3 4 5 6 8 |  8.9
Fighting       | 3 4 5 6 7 9 |  9.3
Throwing       | |  2.0
Dodging        | |  3.2

Action                   |  1- 3 |  4- 6 |  7- 9 | 10-12 || total
-------------------------+-------+-------+-------+-------++-------
Melee: War axe           |    41 |   158 |   239 |    17 ||   455
       Headbutt          |     6 |    23 |    53 |     3 ||    85
       Dagger            |       |       |       |    36 ||    36
 Fire: Hand crossbow     |       |       |       |    11 ||    11
       Hunting sling     |       |       |       |     8 ||     8
Throw: Throwing net      |     2 |       |     4 |       ||     6
  Use: Scroll            |       |     8 |     6 |       ||    14
       Potion            |       |       |     1 |     4 ||     5
 Stab: Held in net/web   |       |       |     3 |       ||     3
  Eat: Chunk             |       |     8 |     8 |       ||    16
       Ration            |       |       |     2 |       ||     2
Armor: Leather armour    |     3 |       |       |       ||     3
       Scale mail        |    11 |    15 |       |       ||    26
       Chain mail        |       |    75 |   112 |    44 ||   231
Dodge: Dodged            |    26 |    58 |   114 |    46 ||   244

Table legend:
 A = Non-vault XP
 B = Vault XP
 C = Vault XP percentage of total XP
 D = Non-vault monster count
 E = Vault monster count
 F = Vault count percentage of total count
                 A         B        C        D         E       F
            +---------+---------+-------+---------+---------+-------
      Total |    3435 |    3300 |  49.0 |     125 |      38 |  23.3
            +---------+---------+-------+---------+---------+-------
        D:1 |      33 |       0 |   0.0 |      19 |       0 |   0.0
        D:2 |      62 |     264 |  81.0 |      17 |       4 |  19.0
        D:3 |      87 |      36 |  29.3 |      16 |      12 |  42.9
        D:4 |     215 |       0 |   0.0 |      10 |       0 |   0.0
        D:5 |     260 |       0 |   0.0 |       8 |       0 |   0.0
        D:6 |    1483 |     699 |  32.0 |      27 |       3 |  10.0
        D:7 |     730 |    1142 |  61.0 |      18 |       2 |  10.0
        D:8 |     565 |     882 |  61.0 |      10 |      14 |  58.3
     Bailey |       0 |     277 | 100.0 |       0 |       3 | 100.0
            +---------+---------+-------+---------+---------+-------
